 Dungeon Crawl Stone Soup version 0.23-a0-703-gdf2d5e0 (webtiles) character file.

1863 PomfPomf the Skirmisher (level 8, 0/73 HPs)
             Began as a Minotaur Berserker on Jan 14, 2019.
             Was a Priest of Trog.
             Slain by Uniporpoise's ghost (16 damage)
             ... on level 6 of the Dungeon.
             The game lasted 00:32:58 (6950 turns).

PomfPomf the Skirmisher (Minotaur Berserker)        Turns: 6950, Time: 00:32:59

Health: 0/73       AC:  8    Str: 24    XL:     8   Next: 90%
Magic:  7/7        EV: 11    Int:  4    God:    Trog [***...]
Gold:   211        SH:  3    Dex: 10    Spells: 7/7 levels left

rFire    . . .     SeeInvis .   n - +2 whip (freeze)
rCold    . . .     Gourm    .   E - +0 buckler
rNeg     . . .     Faith    .   A - +0 scale mail
rPois    .         Spirit   .   (helmet restricted)
rElec    .         Reflect  .   (no cloak)
rCorr    .         Harm     .   G - +0 pair of gloves (curse)
MR       .....                  (no boots)
Stlth    ..........             (no amulet)
HPRegen  0.22/turn              (no ring)
MPRegen  0.10/turn              (no ring)

@: drained
A: retaliatory headbutt, horns 2
a: Berserk, Trog's Hand, Renounce Religion


You were on level 6 of the Dungeon.
You worshipped Trog.
Trog was most pleased with you.
You were not hungry.

You visited 2 branches of the dungeon, and saw 7 of its levels.
You also visited: Sewer.

You collected 211 gold pieces.

Inventory:

Hand Weapons
 a - a +0 hand axe
 n - a +2 whip of freezing (weapon)
 w - a +1 short sword of electrocution
Missiles
 g - 105 arrows
 j - 47 poisoned needles
 o - 4 needles of confusion
 B - 64 bolts
Armour
 b - a +0 animal skin
 f - a +0 helmet
 s - a +0 leather armour
 A - a +0 scale mail (worn)
 E - a +0 buckler (worn)
 G - a cursed +0 pair of gloves (worn)
 H - a +2 pair of gloves
Jewellery
 I - a +2 ring of strength {unknown}
Wands
 z - a wand of paralysis (6)
 C - a wand of random effects (26)
 J - a wand of disintegration (12)
Scrolls
 h - a scroll of blinking
 l - a scroll of immolation {unknown}
 q - 2 scrolls of fear
 t - a scroll of teleportation {unknown}
 v - 3 scrolls of remove curse {unknown}
 x - 2 scrolls of enchant weapon {unknown}
 y - 6 scrolls of identify
Potions
 d - 3 potions of curing {unknown}
 e - 3 potions of magic {unknown}
 i - 2 potions of might {unknown}
 k - 3 potions of haste
 m - 2 potions of lignification {unknown}
 p - 2 potions of flight {unknown}
 r - 3 potions of heal wounds {unknown}
 u - a potion of resistance {unknown}
 D - a potion of cancellation {unknown}
 F - a potion of agility {unknown}
Comestibles
 c - 4 rations


   Skills:
 + Level 7.5(7.0) Fighting
 + Level 5.5(6.8) Axes
 + Level 7.5(7.8) Maces & Flails
 + Level 6.0(5.4) Armour
 + Level 5.3(4.8) Dodging
 + Level 1.7(1.3) Stealth
 + Level 1.3(0.8) Shields


You had 7 spell levels left.
You didn't know any spells.
Your spell library was empty.

Dungeon Overview and Level Annotations

Branches:
Dungeon (6/15)             Temple (1/1) D:6

Altars:
Ashenzari
Cheibriados
Dithmenos
Elyvilon
Fedhas
Gozag
Makhleb
Nemelex Xobeh
Okawaru
Ru
Sif Muna
Uskayaw
Vehumet
Xom
Yredelemnul
Zin
The Shining One

Shops:
D:5 [

Annotations:
D:6 Uniporpoise's ghost, novice MiFi


Innate Abilities, Weirdness & Mutations

You reflexively headbutt those who attack you in melee.
You have a pair of horns on your head.


Message History

Uniporpoise's ghost hits you.
* * * LOW HITPOINT WARNING * * *
x2 You hit Uniporpoise's ghost.
You freeze Uniporpoise's ghost.
Uniporpoise's ghost is severely damaged.
You feel sick.
You hit Uniporpoise's ghost but do no damage.
Uniporpoise's ghost is severely damaged.
Uniporpoise's ghost closely misses you.
You hit Uniporpoise's ghost but do no damage.
You headbutt Uniporpoise's ghost!
Uniporpoise's ghost is severely damaged.
Uniporpoise's ghost hits you.
* * * LOW HITPOINT WARNING * * *
x2 You feel sick.
You are no longer poisoned.
You hit Uniporpoise's ghost but do no damage.
Your headbutt misses Uniporpoise's ghost.
Uniporpoise's ghost is severely damaged.
Uniporpoise's ghost hits you!
You die...

.....# ##...# ....##
#...# ....# ######
#...## ...##
#.....#####....#
...#
..###........†.#
.###
.##⌠##...#.....# .#
##...##..#.....## .#
#..!..##.#......#.#
.# ♣...'.W@.......#
##
#..%..##.....<..<.#
.
##...##...#.......#
.#
.##⌠##..###...[..!.#
.. ..###..##
##.......# )......
#........# .......
#......... .......
..>......


You could see Uniporpoise's ghost.

Vanquished Creatures
  Eustachio (D:4)
  Edmund (D:4)
  An ogre (D:4)
  A phantom (D:5)
  2 centaurs (D:5)
  2 big kobolds (Sewer)
  A bullfrog (D:6)
  3 scorpions
  A water moccasin skeleton (D:4)
  4 wights (D:6)
  A howler monkey (D:5)
  A crimson imp (D:5)
  2 bullfrog zombies (D:5)
  A hound (D:5)
  A jelly (D:6)
  An orc priest (D:5)
  2 bullfrog skeletons
  An orc wizard (D:5)
  3 iguanas
  Ijyb (D:4)
  3 worker ants
  2 river rats (Sewer)
  11 adders
  2 shadow imps
  An adder skeleton (D:4)
  A worm (Sewer)
  A dart slug (D:5)
  A leopard gecko (D:3)
  17 orcs
  A giant cockroach (D:3)
  9 goblins
  10 hobgoblins
  3 jackals (D:1)
  4 ball pythons
  6 bats
  A frilled lizard (D:2)
  15 kobolds
  12 rats
  2 bushes (D:4)
  A plant (D:1)
134 creatures vanquished.

Notes
Turn   | Place    | Note
-------+----------+-------------------------------------------
     0 | D:1      | PomfPomf the Minotaur Berserker began the quest for the
                  | Orb.
     0 | D:1      | Reached XP level 1. HP: 19/19 MP: 0/0
   391 | D:1      | Reached XP level 2. HP: 23/27 MP: 1/1
   955 | D:2      | Found a blossoming altar of Fedhas.
   965 | D:2      | Reached XP level 3. HP: 20/34 MP: 2/2
  1576 | D:3      | Reached ** piety under Trog
  1576 | D:3      | Reached XP level 4. HP: 29/41 MP: 3/3
  1578 | D:3      | Reached skill level 1 in Maces & Flails
  1632 | D:3      | Found a glowing drain.
  1637 | Sewer    | Entered a sewer
  1688 | Sewer    | Reached skill level 5 in Fighting
  2188 | Sewer    | Reached XP level 5. HP: 48/48 MP: 4/4
  2226 | Sewer    | Reached skill level 5 in Axes
  2235 | Sewer    | Reached XP level 6. HP: 29/57 MP: 5/5
  3598 | D:4      | Reached skill level 1 in Stealth
  3598 | D:4      | Reached XP level 7. HP: 43/63 MP: 6/6
  3926 | D:4      | Noticed Ijyb
  3940 | D:4      | Paralysed by Ijyb for 3 turns
  3944 | D:4      | Killed Ijyb
  4023 | D:4      | Reached *** piety under Trog
  4046 | D:4      | Noticed Edmund
  4052 | D:4      | Killed Edmund
  4069 | D:4      | Noticed Eustachio
  4090 | D:4      | Killed Eustachio
  4090 | D:4      | Reached skill level 5 in Maces & Flails
  4314 | D:4      | Found a deep blue altar of Sif Muna.
  4315 | D:4      | Found a sacrificial altar of Ru.
  4663 | D:5      | Entered Level 5 of the Dungeon
  4721 | D:5      | Reached XP level 8. HP: 32/71 MP: 7/7
  5050 | D:5      | Found Sesolig's Antique Armour Shop.
  5338 | D:5      | Reached skill level 5 in Dodging
  5518 | D:5      | Reached skill level 5 in Armour
  5562 | D:5      | Found a snail-covered altar of Cheibriados.
  6174 | D:6      | Found a staircase to the Ecumenical Temple.
  6216 | Temple   | Entered the Ecumenical Temple
  6920 | D:6      | Reached skill level 1 in Shields
  6923 | D:6      | Found a runed door.
  6930 | D:6      | Noticed Uniporpoise's ghost (novice MiFi)
  6950 | D:6      | Slain by Uniporpoise's ghost

Vault maps used:
D:1:      saegor_arrival_miasma, serial_bayou_pond_a
D:2:      fedhas_altar_1
D:3:      first_ration, portal_sewer_entry_e
D:4:      chequers_temple_overflow_statue_of_worship, serial_forest,
          infiniplex_forest_straight_2, infiniplex_forest_lined_4_way,
          infiniplex_forest_3_way, infiniplex_forest_lined_2,
          infiniplex_forest_clump_small, infiniplex_forest_lined_room_2,
          infiniplex_forest_corner_1, infiniplex_forest_end_double,
          infiniplex_forest_corner_1, lemuel_statue_altar, uniq_edmund,
          uniq_eustachio, uniq_ijyb
D:5:      kennysheep_slug_shrine, serial_shops, nicolae_shop_crystal
D:6:      temple_fountains, hellmonk_ghost_happy_afterlife, due_unseen_surprise
Temple:   minmay_temple_curvy_branch
Sewer:    sewer_co_15_rooms

Skill      XL: |  1  2  3  4  5  6  7  8 |
---------------+-------------------------+-----
Fighting       | 4 5 6 7 |  7.5
Axes           | 4 5 |  5.5
Maces & Flails | 1 2 3 5 7 |  7.5
Dodging        | 3 4 5 |  5.3
Stealth        | 1 |  1.7
Armour         | 3 6 |  6.0
Shields        | 1 |  1.3

Action                   |  1- 3 |  4- 6 |  7- 9 || total
-------------------------+-------+-------+-------++-------
Melee: Hand axe          |    93 |       |       ||    93
       Headbutt          |    14 |    11 |    76 ||   101
       Whip              |    16 |   114 |   288 ||   418
  Use: Scroll            |     2 |       |     2 ||     4
  Eat: Ration            |     1 |     3 |     3 ||     7
Armor: Animal skin       |    11 |     3 |       ||    14
       Leather armour    |       |     2 |     2 ||     4
       Scale mail        |       |       |    62 ||    62
Dodge: Dodged            |    54 |    91 |    69 ||   214
Block: Buckler           |       |       |    13 ||    13

Table legend:
 A = Non-vault XP
 B = Vault XP
 C = Vault XP percentage of total XP
 D = Non-vault monster count
 E = Vault monster count
 F = Vault count percentage of total count
                 A         B        C        D         E       F
            +---------+---------+-------+---------+---------+-------
      Total |    1991 |     671 |  25.2 |     108 |      23 |  17.6
            +---------+---------+-------+---------+---------+-------
        D:1 |      34 |       0 |   0.0 |      20 |       0 |   0.0
        D:2 |      54 |       0 |   0.0 |      13 |       0 |   0.0
        D:3 |     200 |       0 |   0.0 |      31 |       0 |   0.0
        D:4 |     302 |     378 |  55.6 |      10 |       3 |  23.1
        D:5 |     878 |       4 |   0.5 |      24 |       1 |   4.0
        D:6 |     523 |       0 |   0.0 |      10 |       0 |   0.0
      Sewer |       0 |     289 | 100.0 |       0 |      19 | 100.0
            +---------+---------+-------+---------+---------+-------
